 Dungeon Crawl Stone Soup version 0.16.1-4-g8e1b745 (webtiles) character file.

28235 B1inky the Basher (level 13, 0/105 HPs)
             Began as a Naga Fighter on Mar 27, 2015.
             Slain by a vampire mosquito (10 damage)
             ... on level 8 of the Lair of Beasts.
             The game lasted 00:58:31 (21224 turns).

B1inky the Basher (Naga Fighter)                   Turns: 21224, Time: 00:58:43

Health: 0/105      AC: 22    Str: 31    XL:     13   Next: 37%
Magic:  20/20      EV:  8    Int: 12    God:
Gold:   889        SH: 14    Dex: 11    Spells: 0 memorised, 12 levels left

rFire  . . .     SeeInvis +     R - +11 morningstar "Eos" {elec, -Tele rElec SInv}
rCold  . . .     Clarity  .     N - +9 scale mail of the Morning {rN+ Int+3}
rNeg   + . .     SustAb   .     c - +1 shield
rPois  +         Gourm    .     (no helmet)
rElec  +         Spirit   .     (no cloak)
rCorr  .         Warding  .     Q - +2 pair of gloves {Str+3}
rMut   .         NoTele   +     (no barding)
MR     ++...                    g - amulet of regeneration
Stlth  +.........               D - ring of protection from magic
                                l - ring of invisibility

@: mighty, very slightly contaminated, very slow, very resistant to hostile
enchantments, very unstealthy
A: spit poison, constrict 1, see invisible, deformed body, poison resistance,
slowness 2, AC +4
a: Spit Poison, Evoke Invisibility


You were on level 8 of the Lair of Beasts.
You were not hungry.

You visited 2 branches of the dungeon, and saw 16 of its levels.
You also visited: Labyrinth.

You collected 889 gold pieces.

Inventory:

Hand weapons
 R - the +11 morningstar "Eos" (weapon) {elec, -Tele rElec SInv}
   (You found it on level 7 of the Dungeon)

   Occasionally, upon striking a foe, it will discharge some electrical energy
   and cause terrible harm.
   It insulates you from electricity.
   It enhances your eyesight.
   It prevents most forms of teleportation.
Missiles
 z - 4 javelins (quivered)
Armour
 c - a +1 shield (worn)
 s - a +2 plate armour of cold resistance
 N - the +9 scale mail of the Morning (worn) {rN+ Int+3}
   (You took it off an orc on level 4 of the Dungeon)

   It affects your intelligence (+3).
   It protects you from negative energy.
 Q - a +2 pair of gloves of strength (worn)
 T - a +2 large shield
Rods
 b - a +8 lightning rod (12/12)
   (You found it in a labyrinth)
Jewellery
 a - an uncursed ring of wizardry
 e - an uncursed ring of stealth
 f - an uncursed ring of protection from fire
 g - an amulet of regeneration (around neck)
 l - a ring of invisibility (left hand)
 D - a ring of protection from magic (right hand)
Magical devices
 k - a wand of fire (7)
 m - a wand of cold (7)
 o - a wand of confusion (21)
 p - a wand of fireball (1)
 F - a wand of fireball (1)
 G - a wand of lightning (4)
 K - a wand of magic darts (25)
 M - a wand of teleportation (0)
 O - a wand of frost (25)
Scrolls
 r - a scroll of fog
 t - a scroll of enchant armour
 y - a scroll of silence {unknown}
 H - 3 scrolls of enchant weapon
 J - a scroll of remove curse
 P - a scroll of amnesia
 U - a scroll of acquirement {unknown}
Potions
 q - 2 potions of restore abilities
 v - 2 potions of brilliance
 B - a potion of might
 E - 4 potions of magic
 I - 4 potions of mutation
 V - a potion of flight {unknown}
Books
 j - a Fen Folio

   Spells                             Type                      Level
   a - Corpse Rot                     Necromancy                   2
   b - Stone Arrow                    Conjuration/Earth            3
   c - Leda's Liquefaction            Hexes/Earth                  4
   d - Summon Forest                  Summoning/Translocation      5
   e - Hydra Form                     Transmutation                6
   f - Summon Hydra                   Summoning                    7
 S - a book of Geomancy

   Spells                             Type                      Level
   a - Sandblast                      Earth                        1
   b - Stoneskin                      Transmutation/Earth          2
   c - Passwall                       Transmutation/Earth          3
   d - Stone Arrow                    Conjuration/Earth            3
   e - Petrify                        Transmutation/Earth          4
   f - Lee's Rapid Deconstruction     Earth                        5
 W - a book of Enchantments

   Spells                             Type                      Level
   a - Tukima's Dance                 Hexes                        3
   b - Cause Fear                     Hexes                        4
   c - Silence                        Hexes/Air                    5
   d - Deflect Missiles               Charms/Air                   6
   e - Haste                          Charms                       6
   f - Discord                        Hexes                        8
 X - a book of Fire

   Spells                             Type                      Level
   a - Ignite Poison                  Fire/Transmutation           5
   b - Fireball                       Conjuration/Fire             5
   c - Bolt of Fire                   Conjuration/Fire             6
   d - Delayed Fireball               Conjuration/Fire             7
   e - Ring of Flames                 Charms/Fire                  7
 Y - a book of Conjurations

   Spells                             Type                      Level
   a - Magic Dart                     Conjuration                  1
   b - Searing Ray                    Conjuration                  2
   c - Dazzling Spray                 Conjuration/Hexes            3
   d - Fulminant Prism                Conjuration/Hexes            4
   e - Iskenderun's Mystic Blast      Conjuration                  4
   f - Iskenderun's Battlesphere      Conjuration/Charms           5
Miscellaneous
 h - a fan of gales (inert)
Comestibles
 u - 34 fruits
 x - 7 bread rations
 A - 2 beef jerkies
 C - a meat ration


   Skills:
 - Level 4.0 Fighting
 - Level 12.1 Maces & Flails
 - Level 10.0 Armour
 - Level 4.0 Stealth
 + Level 10.6 Shields
 - Level 7.0 Unarmed Combat
 - Level 4.0 Evocations


You had 12 spell levels left.
You didn't know any spells.

Dungeon Overview and Level Annotations

Branches:
Dungeon (8/15)             Temple (0/1) D:4            Lair (8/8) D:8
  Swamp (0/5) Lair:3        Snake (0/5) Lair:4
  Slime: Lair:6-8

Altars:
Ashenzari
Cheibriados
Dithmenos
Fedhas
Nemelex Xobeh
Okawaru
Ru
Trog

Shops:
D:5 :

Annotations:
D:3 Sigmund
Lair:1 exclusion: oklob plant
Lair:8 exclusion: 2 oklob plants


Innate Abilities, Weirdness & Mutations

You cannot wear boots.
You can spit poison.
You can use your snake-like lower body to constrict enemies.
Your serpentine skin is tough (AC +4).
You have supernaturally acute eyesight.
Armour fits poorly on your strangely shaped body.
Your system is resistant to poisons.
You cover ground very slowly.


Message History

The death yak bellows!
The komodo dragon looks frightened!
The komodo dragon hisses angrily.
The yak looks frightened! x2
The blink frog blinks! x4
The vampire mosquito bites you but does no damage.
The blink frog blinks!
The spiny frog moves out of view.
The giant frog hits the plant.
The yak moves out of view.
The spiny frog moves out of view.
The giant leech moves out of view.
The blink frog blinks! x4
You block the vampire mosquito's attack.
A yak and a giant frog come into view.
Wield which item (- for none, * to show all)? (? for menu, Esc to quit)
You hear the crackle of electricity.
R - the +11 morningstar "Eos" (weapon)
{elec, -Tele rElec SInv} The yak bellows!
The giant frog hits the plant.
Cornered, the giant frog turns to fight!
The death yak gores the plant!!
The vampire mosquito bites you!
You die...

≈≈≈ ≈≈≈≈≈≈≈≈≈
≈P≈≈≈PP≈≈≈§
≈≈≈≈≈≈≈≈≈≈l≈≈
P≈P≈≈≈≈≈.P≈P§≈≈
≈≈≈≈Y≈P≈≈P≈≈≈≈≈
≈.≈P≈≈≈≈≈≈≈≈PPFP
≈≈≈≈≈≈≈≈≈yy≈≈.≈≈P≈
≈≈≈≈≈P≈≈@P≈≈≈Py≈≈≈≈
≈Y≈P≈≈≈PPPPPFP≈≈D≈≈≈
≈F.≈PP.[Sy.yP≈≈≈≈F≈
.≈
Y≈≈P..%$(F≈P.w≈.≈P.
...
PY≈≈≈.P!%§§≈≈≈≈≈y≈F≈
..≈≈
≈P≈≈..PPF≈≈≈≈≈≈≈≈≈≈
.F.≈P
≈≈§≈≈.≈≈≈≈≈≈≈≈≈≈≈≈
≈≈.≈≈
≈≈≈.≈≈≈≈P≈≈≈≈≈≈≈≈
....≈
≈≈≈≈≈≈P≈≈≈≈≈≈≈≈≈y


You could see a death yak (fleeing), a seven-headed hydra (wandering), a giant
leech (fleeing), a komodo dragon (fleeing), a black mamba, 3 yaks, a spiny frog
(fleeing), 2 blink frogs, 5 vampire mosquitoes and 2 giant frogs.

Vanquished Creatures
  A minotaur (Lab)
  2 hydras
  2 catoblepae (Lair:3)
  10 death yaks
  A griffon (Lair:3)
  An oklob plant (Lair:7)
  2 black mambas (Lair:3)
  A torpor snail (Lair:4)
  5 spiny frogs
  A fire drake (Lair:4)
  2 komodo dragons
  A polar bear (Lair:5)
  16 blink frogs
  3 wandering mushrooms (Lair:3)
  2 basilisks
  16 yaks
  2 shadows (Lab)
  A wyvern (Lair:6)
  8 vampire mosquitoes
  7 hippogriffs
  A hungry ghost (D:8)
  A soldier ant (D:8)
  8 water moccasins
  2 nagas (Lair:4)
  6 porcupines
  An orc warrior (D:5)
  An ogre (D:7)
  A centaur (D:7)
  A black bear (D:7)
  9 crocodiles
  A wyvern zombie (D:8)
  9 giant frogs
  A scorpion (D:5)
  4 electric eels (Lair:3)
  8 killer bees (D:8)
  4 crimson imps
  A goliath beetle (D:6)
  2 jellies
  2 centaur skeletons (D:6)
  An iron imp (D:3)
  4 orc priests
  8 hounds
  2 worker ants
  A gnoll shaman (D:4)
  Natasha (thrice) (D:3)
  4 orc wizards
  7 iguanas
  Ijyb (D:3)
  44 river rats
  29 adders
  9 gnolls (D:4)
  A shadow imp (D:5)
  2 giant mites
  3 worms
  An adder zombie (D:6)
  An ooze (D:2)
  16 orcs
  A bat skeleton (D:4)
  A bat zombie (D:6)
  3 giant cockroaches
  18 hobgoblins
  8 jackals
  11 quokkas
  6 ball pythons
  17 bats
  3 giant geckos
  2 giant newts
  22 goblins
  14 kobolds
  A quokka zombie (D:5)
  17 rats
  A plant (Lair:6)
409 creatures vanquished.

Vanquished Creatures (others)
  3 fungi
  4 plants
  9 toadstools (Lair:3)
16 creatures vanquished.

Grand Total: 425 creatures vanquished

Notes
Turn   | Place    | Note
--------------------------------------------------------------
     0 | D:1      | B1inky, the Naga Fighter, began the quest for the Orb.
     0 | D:1      | Reached XP level 1. HP: 21/21 MP: 1/1
   402 | D:1      | Reached XP level 2. HP: 21/28 MP: 2/2
  1205 | D:1      | Reached XP level 3. HP: 29/34 MP: 3/3
  1787 | D:2      | Reached skill level 4 in Unarmed Combat
  1988 | D:2      | Reached skill level 1 in Evocations
  1988 | D:2      | Reached XP level 4. HP: 9/42 MP: 4/4
  2329 | D:2      | Noticed Sigmund
  3128 | D:3      | Found a shadowy altar of Dithmenos.
  3419 | D:3      | Noticed Natasha
  3437 | D:3      | Reached XP level 5. HP: 31/49 MP: 5/7
  3449 | D:3      | Killed Natasha
  4089 | D:3      | Noticed Ijyb
  4222 | D:3      | Noticed Natasha
  4240 | D:3      | Killed Natasha
  4240 | D:3      | Reached skill level 1 in Stealth
  4574 | D:3      | Reached XP level 6. HP: 53/56 MP: 10/10
  5129 | D:3      | Found a shadowy altar of Dithmenos.
  5167 | D:3      | Killed Ijyb
  5259 | D:3      | Noticed Natasha
  5264 | D:3      | Killed Natasha
  5938 | D:4      | Found a staircase to the Ecumenical Temple.
  6107 | D:4      | Got a steaming scale mail
  6118 | D:4      | Identified the +9 scale mail of the Morning {rN+ Int+3} (You took it off an orc on level 4 of the Dungeon)
  6320 | D:4      | Reached XP level 7. HP: 64/64 MP: 11/11
  6805 | D:5      | Entered Level 5 of the Dungeon
  6986 | D:5      | Found Itutz's Book Boutique.
  7292 | D:5      | Reached skill level 5 in Unarmed Combat
  7832 | D:6      | Found a shattered altar of Ashenzari.
  7835 | D:6      | Found a sparkling altar of Nemelex Xobeh.
  7841 | D:6      | Found an iron altar of Okawaru.
  7852 | D:6      | Found a blossoming altar of Fedhas.
  8043 | D:6      | Reached skill level 6 in Unarmed Combat
  8071 | D:6      | Reached XP level 8. HP: 54/72 MP: 13/13
  8261 | D:6      | Noticed a hippogriff
  8281 | D:6      | Killed a hippogriff
  8281 | D:6      | Reached skill level 7 in Unarmed Combat
  8887 | D:6      | Found a snail-covered altar of Cheibriados.
  8887 | D:6      | Found a sacrificial altar of Ru.
  9614 | D:7      | Reached skill level 5 in Shields
  9904 | D:7      | Noticed a moth of wrath
  9912 | D:7      | Found a bloodstained altar of Trog.
 10026 | D:7      | Got an ancient mace
 10027 | D:7      | Identified the cursed +0 mace of Cidwen {venom, Str+2 Int+2 Stlth+} (You found it on level 7 of the Dungeon)
 10182 | D:7      | Reached skill level 1 in Maces & Flails
 10182 | D:7      | Reached XP level 9. HP: 72/78 MP: 15/15
 10650 | D:8      | Found a staircase to the Lair.
 10700 | D:8      | Reached skill level 5 in Maces & Flails
 11654 | Lair:1   | Entered Level 1 of the Lair of Beasts
 11812 | Lair:1   | Noticed an oklob plant
 12473 | Lair:1   | Reached skill level 8 in Maces & Flails
 12473 | Lair:1   | Reached XP level 10. HP: 85/85 MP: 16/16
 12571 | Lair:1   | Reached skill level 9 in Maces & Flails
 13024 | Lair:2   | Reached skill level 10 in Maces & Flails
 14044 | Lair:3   | Found a staircase to the Swamp.
 14047 | Lair:3   | Noticed a black mamba
 14056 | Lair:3   | Killed a black mamba
 14056 | Lair:3   | Reached skill level 11 in Maces & Flails
 14488 | Lair:3   | Reached XP level 11. HP: 68/92 MP: 18/18
 14492 | Lair:3   | Reached skill level 12 in Maces & Flails
 14797 | Lair:3   | Reached skill level 5 in Armour
 15354 | Lair:3   | Noticed a catoblepas
 15354 | Lair:3   | Noticed a catoblepas
 15354 | Lair:3   | Noticed a black mamba
 15382 | Lair:3   | Killed a catoblepas
 15389 | Lair:3   | Killed a black mamba
 16285 | Lair:3   | Killed a catoblepas
 16986 | Lair:4   | Found a staircase to the Snake Pit.
 17005 | Lair:4   | Reached XP level 12. HP: 67/99 MP: 19/19
 17733 | Lair:5   | Noticed a six-headed hydra
 17742 | Lair:5   | Killed a six-headed hydra
 17879 | Lair:5   | Noticed a death yak
 17879 | Lair:5   | Noticed a death yak
 17879 | Lair:5   | Noticed a death yak
 17880 | Lair:5   | Noticed a death yak
 17899 | Lair:5   | Killed a death yak
 18317 | Lair:5   | Killed a death yak
 18317 | Lair:5   | Reached skill level 10 in Armour
 18327 | Lair:5   | Killed a death yak
 18332 | Lair:5   | Killed a death yak
 18782 | Lair:5   | Noticed a death yak
 18782 | Lair:5   | Noticed a death yak
 18785 | Lair:5   | Noticed a death yak
 18789 | Lair:5   | Killed a death yak
 18794 | Lair:5   | Killed a death yak
 18799 | Lair:5   | Killed a death yak
 19591 | Lair:6   | Found a labyrinth entrance.
 19600 | Lab      | Entered a labyrinth
 19804 | Lab      | Noticed a minotaur
 19812 | Lab      | Killed a minotaur
 19812 | Lab      | Reached XP level 13. HP: 90/105 MP: 20/20
 20199 | Lair:6   | Noticed a six-headed hydra
 20205 | Lair:6   | Killed a six-headed hydra
 20851 | Lair:7   | Reached skill level 10 in Shields
 20989 | Lair:8   | Entered Level 8 of the Lair of Beasts
 21224 | Lair:8   | Slain by a vampire mosquito

Action                   |  1- 3 |  4- 6 |  7- 9 | 10-12 | 13-15 || total
-------------------------+-------+-------+-------+-------+-------++-------
Melee: Unarmed           |   200 |   384 |   429 |     4 |       ||  1017
       Morningstar       |       |       |    71 |   463 |   116 ||   650
Throw: Javelin           |       |       |     4 |       |       ||     4
 Abil: Spit Poison       |     1 |    39 |    26 |     2 |     1 ||    69
       Evoke Invisibilit |       |     1 |     3 |     4 |     2 ||    10
Evoke: Wand              |       |       |     1 |       |       ||     1
       Fan of gales      |       |       |       |       |     1 ||     1
  Use: Potion            |     1 |     2 |     3 |     6 |     2 ||    14
       Scroll            |       |     8 |    14 |     7 |     7 ||    36
 Stab: Invisible         |       |     1 |     7 |    10 |     4 ||    22
       Sleeping          |       |     2 |       |     2 |     1 ||     5
  Eat: Bread ration      |     1 |       |       |     1 |       ||     2
       Chunk             |       |    16 |    19 |    18 |     4 ||    57
       Pizza             |       |       |     2 |     2 |       ||     4
       Fruit             |       |       |       |     1 |       ||     1
       Meat ration       |       |       |       |       |     1 ||     1
